 Dungeon Crawl Stone Soup version 0.30-a0-924-g0ad0bf95bc (webtiles) character file.

Game seed: 8687735340239519497

109 tilp the Slasher (level 5, -1/45 (46) HPs)
             Began as a Meteoran Fighter on Mar 22, 2023.
             Slain by a wight
             ... wielding a +2 morningstar of freezing
              (4 damage)
             ... on level 3 of the Dungeon.
             The game lasted 00:01:01 (167 turns).

tilp the Slasher (Meteoran Fighter)                  Turns: 167, Time: 00:01:02

HP:   -1/45 (46)    AC:  6    Str: 18    XL:     5   Next: 37%
MP:   6/6           EV: 10    Int:  9    God:
Gold: 29            SH:  5    Dex: 15    Spells: 4/4 levels left

rFire   . . .      SeeInvis .    a - +0 long sword
rCold   . . .      Faith    .    c - +0 buckler
rNeg    . . .      Spirit   .    b - +0 scale mail
rPois   .          Reflect  .    (no helmet)
rElec   .          Rampage  .    (no cloak)
rCorr   .                        (no gloves)
Will    .....                    (no boots) Stlth
                                 (no amulet)
HPRegen 0.27/turn                (no ring)
MPRegen 0.10/turn                (no ring)

@: mighty, glowing, lightly drained
A: sense surroundings 1, otherworldly, glowing, explore regen
a: no special abilities


You were on level 3 of the Dungeon.
You visited 1 branch of the dungeon, and saw 3 of its levels.

You collected 29 gold pieces.

Inventory:

Hand Weapons
 a - a +0 long sword (weapon)
Missiles
 e - 6 stones (quivered)
Armour
 b - a +0 scale mail (worn)
 c - a +0 buckler (worn)
Scrolls
 f - a scroll of identify {unknown}


   Skills:
 - Level 4.0 Fighting
 * Level 4.9 Long Blades
 - Level 3.6 Armour
 - Level 2.0 Dodging
 - Level 3.6 Shields


You had 4 spell levels left.
You didn't know any spells.
Your spell library was empty.

Dungeon Overview and Level Annotations

Branches:
Dungeon (3/15) Zot: 1622

Altars:

Annotations:
D:3 3 runed translucent doors, clease's ghost, amateur DgFE


Innate Abilities, Weirdness & Mutations

You passively map a small area around you.
You are easily found by Zot.
You glow in the dark.
You regain HP and MP as you explore.


Message History

You slash the wight!
You destroy the wight!
Your Long Blades skill increases to level 4!
Your Dodging skill increases to level 1!
You have reached level 3!
Your experience leads to an increase in your attributes!
Increase (S)trength, (I)ntelligence, or (D)exterity?
You feel agile. x2; You feel stronger.
You have reached level 4!
You barely miss the wight.
The wight hits you with a +0 long sword.
You feel drained.
You hit the wight but do no damage. The wight closely misses you.
The wight hits you with a +0 long sword.
You feel drained.
You hit the wight.
The wight is moderately damaged.
The wight hits you with a +0 long sword!
* * * LOW HITPOINT WARNING * * *
You feel drained.
* * * LOW HITPOINT WARNING * * *
You slash the wight!
The wight is almost destroyed.
The wight hits you with a +0 long sword.
* * * LOW HITPOINT WARNING * * *
You slash the wight!
You destroy the wight!
Your life force feels restored.
Training target 4.0 for Fighting reached!
Training target 2.0 for Dodging reached!
Your Fighting skill increases to level 4!
Your Dodging skill increases to level 2!
You have reached level 5!
You barely miss the wight. The wight barely misses you.
You slash the wight!
The wight is severely damaged.
The wight hits you with a +2 morningstar of freezing!
* * * LOW HITPOINT WARNING * * *
You feel drained.
You die...

, #....#.........#
###.######..##.# ,#.*
...# ##....# , #. ##..#
####.# ,.#,.#.# #†# , ,
#..##.## #.# * #.##...#
#.# , #.....#########.#
.## ,##.......z@......#
.....##...##############
..........# ####......#
########


You could see a wight.

Vanquished Creatures
  2 wights (D:3)
  3 bats (D:3)
  An endoplasm (D:1)
  3 goblins
9 creatures vanquished.

Notes
Turn   | Place    | Note
-------+----------+-------------------------------------------
     0 | D:1      | tilp the Meteoran Fighter began the quest for the Orb.
     0 | D:1      | Reached XP level 1. HP: 19/19 MP: 2/2
    89 | D:3      | Found a runed translucent gate.
    89 | D:3      | Found a runed translucent gate.
    91 | D:3      | Found a runed translucent gate.
    93 | D:3      | Noticed a kobold brigand
    93 | D:3      | Noticed clease's ghost (amateur DgFE)
   117 | D:3      | Reached XP level 2. HP: 25/26 MP: 3/3
   144 | D:3      | Noticed a wight
   145 | D:3      | Noticed a wight
   145 | D:3      | Noticed a wight
   160 | D:3      | Killed a wight
   161 | D:3      | Reached skill level 1 in Dodging
   161 | D:3      | Reached XP level 3. HP: 20/33 MP: 4/4
   161 | D:3      | Reached XP level 4. HP: 24/40 MP: 5/5
   165 | D:3      | Killed a wight
   166 | D:3      | Reached XP level 5. HP: 10/46 MP: 6/6
   167 | D:3      | Slain by a wight

Illustrated notes

Levels and vault maps discovered:
D:1:      dpeg_arrival_lava_temple_mockup, layout_basic
D:2:      layout_loops_corners, basic_altar, cheibrodos_gnoll_hut
D:3:      layout_basic, marbit_many_paths, amcnicky_altar_gilded,
          gammafunk_ghost_nasty_kobolds, minmay_pentomino_pile, uniq_sigmund

Skill      XL: |  1  2  3  4 |
---------------+-------------+-----
Long Blades    | 4 |  4.9
Dodging        | 1 2 |  2.0
Fighting       | 4 |  4.0
Armour         | |  3.6
Shields        | |  3.6

Action                     |  1- 3 |  4- 6 || total
---------------------------+-------+-------++-------
  Melee: Long sword        |    28 |     7 ||    35
    Use: Potion            |     1 |       ||     1
 Armour: Scale mail        |    26 |       ||    26
  Dodge: Dodged            |    19 |     2 ||    21
  Block: Buckler           |    10 |       ||    10

Table legend: (Time is in decaauts)
 A = Elapsed time spent in this place.
 B = Non-inter-level travel time spent in this place.
 C = Inter-level travel time spent in this place.
 D = Time resting spent in this place.
 E = Time spent auto-exploring this place.
 F = Levels seen in this place.
 G = Mean time per level.
                   A        B        C        D        E       F      G
               +--------+--------+--------+--------+--------+-----+--------+
         Total |    176 |    176 |      0 |      0 |      0 |   3 |   58.7 |
       Dungeon |    176 |    176 |      0 |      0 |      0 |   3 |   58.7 |
               +--------+--------+--------+--------+--------+-----+--------+

Top non-repeatable levels by time:
     D:3: 95 daAuts
     D:2: 51 daAuts
     D:1: 28 daAuts
